 Dungeon Crawl Stone Soup version 0.27.1-3-gb3d3a73c9e (webtiles) character file.

Game seed: 8917242376584815092

191 Crownlay the Skirmisher (level 5, -1/51 HPs)
             Began as a Hill Orc Fighter on Oct 6, 2021.
             Slain by a water moccasin (5 damage)
             ... on level 3 of the Dungeon.
             The game lasted 00:03:04 (2321 turns).

Crownlay the Skirmisher (Hill Orc Fighter)          Turns: 2321, Time: 00:03:05

Health: -1/51      AC:  6    Str: 20    XL:     5   Next: 70%
Magic:  5/5        EV:  9    Int:  8    God:
Gold:   107        SH:  0    Dex: 10    Spells: 4/4 levels left

rFire    . . .     SeeInvis .   a - +0 trident
rCold    . . .     Faith    .   (no shield)
rNeg     . . .     Spirit   .   b - +0 scale mail
rPois    .         Reflect  .   (no helmet)
rElec    .         Harm     .   (no cloak)
rCorr    .         Rampage  .   (no gloves)
Will     .....                  (no boots)
Stlth    ..........             (no amulet)
HPRegen  0.17/turn              (no ring)
MPRegen  0.09/turn              (no ring)

@: no status effects
A: no striking features
a: no special abilities


You were on level 3 of the Dungeon.
You visited 1 branch of the dungeon, and saw 3 of its levels.

You collected 107 gold pieces.

Inventory:

Hand Weapons
 a - a +0 trident (weapon)
Missiles
 o - 4 boomerangs (quivered)
Armour
 b - a +0 scale mail (worn)
 c - a +0 kite shield
Scrolls
 f - 2 scrolls of teleportation {unknown}
 g - a scroll of identify {unknown}
 k - a scroll of noise {unknown}
 l - a scroll of silence {unknown}
 m - a scroll of magic mapping {unknown}
 n - a scroll of blinking {unknown}
 p - a scroll of fog {unknown}
Potions
 d - a potion of might
 e - a potion of cancellation {unknown}
 h - a potion of resistance {unknown}
 i - a potion of haste {unknown}
 j - a potion of magic {unknown}


   Skills:
 * Level 6.4 Fighting
 - Level 2.1 Polearms
 - Level 3.2 Armour
 + Level 4.7 Shields


You had 4 spell levels left.
You didn't know any spells.
Your spell library contained the following spells:

 Spells                   Type           Power      Damage    Failure   Level
 Animate Skeleton         Necr           0%         N/A       77%         1
 Pain                     Necr           0%         1d4       77%         1
 Gell's Gravitas          Tloc           0%         N/A       98%         3
 Teleport Other           Tloc           0%         N/A       98%         3
 Vampiric Draining        Necr           0%         2d6       98%         3
 Leda's Liquefaction      Hex/Erth       0%         N/A       100%        4
 Bolt of Magma            Conj/Fire/Erth 0%         4d4       100%        5
 Dispersal                Tloc           0%         N/A       100%        6
 Statue Form              Tmut/Erth      0%         N/A       100%        6


Dungeon Overview and Level Annotations

Branches:
Dungeon (3/15)

Altars:
Wu Jian


Message History

The water moccasin bites you but does no damage.
You are too injured to fight recklessly!
You are too injured to fight recklessly!
You are too injured to fight recklessly!
You are too injured to fight recklessly!
You are too injured to fight recklessly!
You closely miss the water moccasin.
The water moccasin is moderately wounded.
You feel sick. The water moccasin misses you.
You puncture the water moccasin!
The water moccasin is severely wounded.
You feel sick. The water moccasin barely misses you.
The water moccasin bites you but does no damage.
You closely miss the water moccasin.
The water moccasin is severely wounded.
You feel sick. The water moccasin closely misses you.
The water moccasin bites you but does no damage.
You barely miss the water moccasin.
The water moccasin is severely wounded.
You feel sick. The water moccasin closely misses you.
You hit the water moccasin.
The water moccasin is almost dead.
You feel sick.
You are no longer poisoned.
The water moccasin bites you.
* * * LOW HITPOINT WARNING * * *
The water moccasin closely misses you.
You closely miss the water moccasin.
The water moccasin is almost dead.
The water moccasin bites you!
* * * LOW HITPOINT WARNING * * *
The water moccasin barely misses you.
You miss the water moccasin.
The water moccasin is almost dead.
The water moccasin bites you.
* * * LOW HITPOINT WARNING * * *
You hit the water moccasin.
The water moccasin is almost dead.
The water moccasin bites you.
You die...

.....#
.≈≈.....##..# #.#
.....#
....._..##..# #.#
....##
............# #.#
.....#
.##........# #<#
.....#
.##..♣♣...######.#
.....#
.....♣♣...#......#
.....#
........(.######.#
####.#
#....S##.......##
#.# #@........#
####.# #.###.#####
.....# ...#
#.......# ######
###.# #######.#
...... #.# ######
#.# # #.# # #.#


You could see a water moccasin.

Vanquished Creatures
  A wyvern skeleton (D:3)
  Natasha (thrice) (D:2)
  An adder (D:3)
  3 worms
  A dart slug (D:3)
  2 ball pythons (D:2)
  4 endoplasms
  4 giant cockroaches
  3 goblins
  4 hobgoblins
  6 jackals (D:3)
  3 kobolds
  4 bats
  4 frilled lizards
  4 rats
47 creatures vanquished.

Notes
Turn   | Place    | Note
-------+----------+-------------------------------------------
     0 | D:1      | Crownlay the Hill Orc Fighter began the quest for the Orb.
     0 | D:1      | Reached XP level 1. HP: 19/19 MP: 1/1
   336 | D:1      | Reached skill level 4 in Fighting
   352 | D:1      | Reached XP level 2. HP: 27/27 MP: 2/2
   751 | D:2      | Noticed Natasha
   758 | D:2      | Killed Natasha
   759 | D:2      | Reached XP level 3. HP: 25/35 MP: 3/3
   761 | D:2      | Reached skill level 5 in Fighting
  1146 | D:2      | Noticed Natasha
  1151 | D:2      | Killed Natasha
  1152 | D:2      | Reached XP level 4. HP: 42/42 MP: 4/4
  1530 | D:2      | Noticed Natasha
  1540 | D:2      | Killed Natasha
  1600 | D:3      | Found a faded altar of an unknown god.
  1691 | D:3      | Reached XP level 5. HP: 50/50 MP: 5/5
  1894 | D:3      | Reached skill level 6 in Fighting
  2262 | D:3      | Found an ornate altar of the Wu Jian Council.
  2303 | D:3      | Noticed a water moccasin
  2321 | D:3      | Slain by a water moccasin

Illustrated notes

Levels and vault maps discovered:
D:1:      ebering_trefoil_3fold, layout_loops_ring, corexii_leaking_fountain
D:2:      layout_loops_ring, uniq_natasha
D:3:      layout_basic, nicolae_wu_jian_wuxing_cycle,
          chequers_ecumenical_altar_island

Skill      XL: |  1  2  3  4  5 |
---------------+----------------+-----
Fighting       | 4 5 6 |  6.4
Shields        | 4 |  4.7
Polearms       | |  2.1
Armour         | |  3.2

Action                   |  1- 3 |  4- 6 || total
-------------------------+-------+-------++-------
Melee: Trident           |    86 |    91 ||   177
Throw: Boomerang         |       |     5 ||     5
Armor: Scale mail        |    30 |    46 ||    76
Dodge: Dodged            |    29 |    58 ||    87
